AoeStats
← Kez

Arabia

508934005Analyzed
2v2 RM · 7d ago on Sep 24, 2026· 14m 11s· 4 players
Game mode
Random Map
Map size
Medium (4 player)
Population
200
Speed
Normal
Resources
Standard
Victory
Conquest
Starting age
Dark Age
Ending age
Imperial Age
RankedLock teamsTeams togetherTeam positionsShared explorationLock speedFull tech treeHidden civsTurbo modeCheats
Victory
Defeat
🇮🇳 Mongols · India
1323
+13
🇵🇪 Persians · Peru
1211
+18
🇧🇪 Saxons · Belgium
1269
-16
🇳🇱 Sicilians · Netherlands
1243
-15
Frédéric Baybars
6:04 Loom
9:21 Feudal Age
Kez
6:48 Loom
9:27 Feudal Age
12:24 Double-Bit Axe
chanakya
8:51 Feudal Age
9:42 Loom
13:43 Horse Collar
13:57 Double-Bit Axe
El Botascha 2.0
2:29 Loom
10:49 Feudal Age
Connection lost

Rejoining the realm…

Still unreachable

The connection could not be restored.

Session expired

The server has moved on; the page needs a fresh start.